 Dungeon Crawl Stone Soup version 0.30.0 (webtiles) character file.

Game seed: 16338243213859202587

343 DearestLeader the Conjurer (level 6, -2/48 HPs)
             Began as a Draconian Conjurer on May 6, 2023.
             Was an Initiate of Makhleb.
             Slain by a hornet (11 damage)
             ... on level 4 of the Dungeon.
             The game lasted 00:10:17 (4215 turns).

DearestLeader the Conjurer (Draconian Conjurer)     Turns: 4215, Time: 00:10:18

Health: -2/48      AC:  7    Str:  9    XL:     6   Next: 31%
Magic:  2/10       EV: 12    Int: 20    God:    Makhleb [......]
Gold:   158        SH:  0    Dex: 10    Spells: 4/10 levels left

rFire   . . .        r - +2 whip (drain)
rCold   . . .        (no shield)
rNeg    . . .        (body armour unavailable)
rPois   .            (helmet restricted)
rElec   .            (no cloak)
rCorr   .            l - +0 pair of gloves
SInv    .            (no boots)
Will    .....        (no amulet)
Stlth   ++           (no ring)
HPRegen 0.28/turn    (no ring)
MPRegen 0.12/turn

%: no passive effects
@: lethally poisoned (-2 -> -15), slowed, very slow
A: AC +6, unfitting armour, cold-blooded
a: Renounce Religion


You were on level 4 of the Dungeon.
You worshipped Makhleb.
Makhleb was noncommittal.
You visited 1 branch of the dungeon, and saw 5 of its levels.

You collected 158 gold pieces.

Inventory:

Hand Weapons
 b - a +0 sling
 r - a +2 whip of draining (weapon)
Missiles
 d - 6 datura-tipped darts
 s - 14 stones
Armour
 l - a +0 pair of gloves (worn)
Jewellery
 f - an amulet of guardian spirit
Wands
 j - a wand of polymorph (4)
Scrolls
 k - a scroll of fear
 m - a scroll of torment {unknown}
 o - a scroll of amnesia {unknown}
 p - a scroll of teleportation
 q - a scroll of blinking {unknown}
Potions
 a - a potion of magic
 c - a potion of mutation
 e - 3 potions of flight
 g - a potion of ambrosia
 h - a potion of attraction
 i - 2 potions of heal wounds
 n - a potion of curing


   Skills:
 - Level 2.0 Fighting
 - Level 2.0 Dodging
 - Level 2.0 Stealth
 + Level 2.7 Spellcasting
 * Level 6.5 Conjurations
 + Level 1.6 Hexes


You had 4 spell levels left.
You knew the following spells:

 Your Spells              Type           Power      Damage    Failure   Level
a - Magic Dart            Conj           100%       1d8       1%          1
b - Searing Ray           Conj           56%        2d6       1%          2
c - Dazzling Flash        Conj/Hex       38%        N/A       9%          3

Your spell library contained the following spells:

 Spells                   Type           Power      Damage    Failure   Level
 Fulminant Prism          Conj/Hex       9%         3d7       26%         4
 Inner Flame              Hex/Fire       6%         N/A       30%         3
 Iskenderun's Mystic Bla  Conj/Tloc      15%        2d5       36%         4
 Yara's Violent Unravell  Hex/Tmut       3%         3d4       96%         5
 Summon Forest            Summ/Tloc      1%         N/A       99%         5
 Eringya's Noxious Bog    Tmut/Pois      1%         N/A       100%        6
 Enfeeble                 Hex            4%         N/A       100%        7
 Summon Hydra             Summ           1%         N/A       100%        7


Dungeon Overview and Level Annotations

Branches:
Dungeon (5/15)
 Temple: D:4-7

Altars:
Makhleb
Trog

Shops:
D:2 [

Annotations:
D:2 Terence
D:5 Eustachio


Innate Abilities, Weirdness & Mutations

Your plain brown scales are hard. (AC +6)
You cannot fit into any form of body armour.
You are cold-blooded and may be slowed by cold attacks.


Message History

The hornet is moderately wounded.
You feel sick. The hornet stings you.
You suddenly lose the ability to move!
The hornet stings you.
You are more poisoned.
You feel as though you will be slow longer.
You feel very sick. The hornet stings you!
* * * LOW HITPOINT WARNING * * *
You feel as though you will be slow longer.
The hornet stings you.
* * * LOW HITPOINT WARNING * * *
You are more poisoned.
You feel as though you will be slow longer.
You can move again.
You feel better. The hornet stings you!
* * * LOW HITPOINT WARNING * * *
You are lethally poisoned!
You feel as though you will be slow longer.
The hornet stings you!
* * * LOW HITPOINT WARNING * * *
You feel as though you will be slow longer.
You feel much better.
You feel very sick.
The hornet stings you but does no damage.
The hornet closely misses you.
Casting: Searing Ray (safe; 1% risk of failure)
Confirm with . or Enter, or press ? or * to list all spells.
Aiming: Searing Ray (safe; 1% risk of failure)
Press: ? - help, Shift-Dir - straight line, f/p - hornet
Aim: a hornet (moderately wounded, 69% to hit)
The searing ray hits the hornet.
The hornet is moderately wounded. (Press . to maintain the ray.)
You feel very sick. The hornet stings you.
* * * LOW HITPOINT WARNING * * *
You are lethally poisoned!
You feel as though you will be slow longer.
The hornet stings you!
You die...

###.#....+............#
#.#...
♣#♣.♣....##...........#
###.#...
....#....##...........##
#...#...
....♣....##.....>......#
#.######
.........##............#
#.....##
....♣....##............#
#####.##
.......####....###########
#...## ♣.♣.♣..#
#..............# #.####
###....# #.....@y.......#
#.#... #....#
####...........# #...##
#....#
#...........♣♣♣♣♣♣♣#
#....#
#......<...♣♣...♣♣..
#..).#
###########♣.P.P♣.♣.
##....###### ##♣.♣♣...♣.
#..........# #...♣♣..♣♣.
#..........# #.♣♣♣♣♣♣♣##
#..........# #.#...# ##


You could see a hornet.

Vanquished Creatures
  A scorpion (D:4)
  An orc priest (D:3)
  A jelly (D:5)
  2 iguanas (D:4)
  An orc wizard (D:3)
  A sleepcap (D:4)
  4 adders
  A dart slug (D:4)
  9 orcs
  7 ball pythons
  4 endoplasms
  2 giant cockroaches
  5 hobgoblins
  7 jackals
  2 quokkas
  6 bats
  2 frilled lizards (D:2)
  5 goblins
  4 kobolds
  3 rats
68 creatures vanquished.

Vanquished Creatures (others)
  4 plants (D:4)
4 creatures vanquished.

Grand Total: 72 creatures vanquished

Notes
Turn   | Place    | Note
-------+----------+-------------------------------------------
     0 | D:1      | DearestLeader the Draconian Conjurer began the quest for
                  | the Orb.
     0 | D:1      | Reached XP level 1. HP: 14/14 MP: 3/3
   999 | D:2      | Reached XP level 2. HP: 22/22 MP: 0/5
  1137 | D:2      | Noticed Terence
  1295 | D:2      | Reached skill level 1 in Fighting
  1336 | D:2      | Found Xagaet's Antique Armour Shoppe.
  1438 | D:2      | Reached XP level 3. HP: 28/28 MP: 4/6
  1441 | D:2      | Learned a level 2 spell: Searing Ray
  1617 | D:3      | Found a faded altar of an unknown god.
  1883 | D:3      | Reached skill level 5 in Conjurations
  1883 | D:3      | Reached XP level 4. HP: 11/36 MP: 1/7
  2121 | D:3      | Found a burning altar of Makhleb.
  2129 | D:3      | Became a worshipper of Makhleb the Destroyer
  2744 | D:2      | Learned a level 3 spell: Dazzling Flash
  2811 | D:2      | Reached XP level 5. HP: 41/41 MP: 6/8
  3106 | D:4      | Noticed a hornet
  3278 | D:4      | Reached skill level 6 in Conjurations
  3630 | D:4      | Reached skill level 1 in Hexes
  3630 | D:4      | Reached XP level 6. HP: 40/48 MP: 9/9
  3715 | D:4      | Found a bloodstained altar of Trog.
  4096 | D:5      | Entered Level 5 of the Dungeon
  4100 | D:5      | Noticed Eustachio
  4211 | D:4      | Paralysed by a hornet for 2 turns
  4213 | D:4      | HP: 1/48 [hornet (9)]
  4215 | D:4      | Slain by a hornet

Illustrated notes

Levels and vault maps discovered:
D:1:      dpeg_arrival_three_bigger_balls, layout_loops_ring
D:2:      layout_basic, serial_shops, nicolae_shop_behind_doors,
          wad_floor_pattern_2, minivault_11, uniq_terence
D:3:      layout_loops_cross, bloody_makhleb, ebering_ecumenical_altar_box,
          kennysheep_small_spiral
D:4:      layout_basic, mainiacjoe_overflow_paths, serial_forest,
          infiniplex_forest_clump_long, infiniplex_forest_clump_diagonal,
          infiniplex_forest_lined_room_2, infiniplex_forest_zigzag_2,
          infiniplex_forest_corner_1
D:5:      layout_rooms, mainiacjoe_overflow_brackets,
          minmay_temple_entry_antechambers, nicolae_ossuary_entry_plus,
          nicolae_shop_i_like_big_books, grunt_ministairs_2, uniq_duvessa,
          uniq_eustachio

Skill      XL: |  1  2  3  4  5 |
---------------+----------------+-----
Stealth        | 2 |  2.0
Dodging        | 2 |  2.0
Fighting       | 1 2 |  2.0
Conjurations   | 5 6 |  6.5
Hexes          | 1 |  1.6
Spellcasting   | |  2.7

Action                     |  1- 3 |  4- 6 || total
---------------------------+-------+-------++-------
  Melee: Whip              |    82 |   110 ||   192
         Tailslap          |    12 |     7 ||    19
         Punch             |     3 |     1 ||     4
   Cast: Magic Dart        |    35 |    26 ||    61
         Searing Ray       |     2 |     8 ||    10
    Use: Scroll            |     1 |     8 ||     9
         Potion            |       |     2 ||     2
   Stab: Sleeping          |       |     2 ||     2
 Armour: Skin              |    31 |    36 ||    67
  Dodge: Dodged            |    70 |    94 ||   164
